 Dungeon Crawl Stone Soup version 0.30-a0-859-gf88a04b62d (webtiles) character file.

Game seed: 11928195564259476892

2762 Esekla the Covert (level 9, -1/62 HPs)
             Began as an Octopode Delver on Mar 6, 2023.
             Was an Initiate of Gozag.
             Engulfed by a steam dragon's steam (6 damage)
             ... on level 6 of the Dungeon.
             The game lasted 00:33:46 (7458 turns).

Esekla the Covert (Octopode Delver)                 Turns: 7458, Time: 00:33:47

Health: -1/62      AC:  1    Str: 16    XL:     9   Next: 69%
Magic:  11/16      EV: 15    Int: 23    God:    Gozag
Gold:   1213       SH:  0    Dex: 14    Spells: 8/17 levels left

rFire   . . .      SeeInvis .    s - +2 dagger (protect)
rCold   . . .      Faith    .    (no shield)
rNeg    . . .      Spirit   .    (helmet restricted)
rPois   +          Reflect  .    y - amulet of magic regeneration
rElec   .          Rampage  .    l - +6 ring of dexterity
rCorr   .                        w - +6 ring of intelligence
Will    .....                    F - ring "Giffoimu" {+Blink rPois Str+5 Dex-5 Slay+3}
Stlth   +++++                    (no ring)
HPRegen 0.30/turn                (no ring)
MPRegen 0.55/turn                (no ring)
                                 (no ring)
                                 (no ring)

@: no status effects
A: almost no armour, amphibious, 8 rings, camouflage 1, gelatinous body 1,
(nimble swimmer 1), tentacles
a: Renounce Religion, Evoke Blink, Potion Petition, Call Merchant, Bribe Branch


You were on level 6 of the Dungeon.
You worshipped Gozag.
Gozag was most pleased with you.
You visited 2 branches of the dungeon, and saw 8 of its levels.

You collected 1238 gold pieces.
You paid 25 gold pieces to Gozag.

Inventory:

Hand Weapons
 a - a +1 falchion of flaming
 r - a +3 spear
 s - a +2 dagger of protection (weapon)
 z - a +0 falchion of freezing
Missiles
 v - 10 poisoned darts
 B - a javelin (quivered)
Jewellery
 l - a +6 ring of dexterity (left tentacle)
 w - a +6 ring of intelligence (right tentacle)
 y - an amulet of magic regeneration (around mantle)
 E - an amulet of guardian spirit
 F - the ring "Giffoimu" (on tentacle) {+Blink rPois Str+5 Dex-5 Slay+3}
   (You found it on level 5 of the Dungeon)

   [ring of poison resistance]

   Str:       It affects your strength (+5).
   Dex:       It affects your dexterity (-5).
   Slay:      It affects your accuracy & damage with ranged weapons and melee
   (+3).
   rPois:     It protects you from poison.
   +Blink:    It lets you blink.
 G - a ring of ice
Wands
 f - a wand of digging (3)
Scrolls
 b - 2 scrolls of fog
 c - 5 scrolls of identify {unknown}
 d - 4 scrolls of fear
 i - a scroll of vulnerability {unknown}
 j - 3 scrolls of teleportation {unknown}
 k - 3 scrolls of enchant weapon {unknown}
 m - 2 scrolls of noise {unknown}
 p - a scroll of torment {unknown}
 t - 2 scrolls of immolation {unknown}
 u - 2 scrolls of amnesia {unknown}
 x - 3 scrolls of magic mapping
 A - a scroll of blinking {unknown}
Potions
 e - 2 potions of haste
 g - 4 potions of brilliance {unknown}
 h - 4 potions of might {unknown}
 n - a potion of attraction {unknown}
 o - 2 potions of lignification {unknown}
 q - 5 potions of curing {unknown}
 C - 4 potions of mutation {unknown}
 D - 4 potions of heal wounds {unknown}
 H - a potion of degeneration {unknown}


   Skills:
 * Level 5.9 Fighting
 + Level 4.8(5.9) Short Blades
 * Level 5.3(6.2) Long Blades
 + Level 0.7 Throwing
 * Level 5.1 Dodging
 - Level 8.2 Stealth
 * Level 4.6 Spellcasting
 * Level 2.5 Conjurations
 * Level 3.6 Air Magic
 * Level 1.8 Evocations


You had 8 spell levels left.
You knew the following spells:

 Your Spells              Type           Power      Damage    Failure   Level
e - Searing Ray           Conj           34%        2d5       5%          2
k - Airstrike             Air            11%        2d(2-18)  22%         4
q - Swiftness             Air            22%        N/A       7%          3

Your spell library contained the following spells:

 Spells                   Type           Power      Damage    Failure   Level
 Shock                    Conj/Air       76%        1d7       2%          1
 Magic Dart               Conj           68%        1d6       3%          1
 Kiss of Death            Conj/Necr      44%        2d8       6%          1
 Confusing Touch          Hex            5%         N/A       28%         3
 Fulminant Prism          Conj/Hex       5%         3d7       50%         4
 Dispel Undead            Necr           5%         3d7       67%         4


Dungeon Overview and Level Annotations

Branches:
Dungeon (7/15)             Temple (1/1) D:5

Altars:
Fedhas
Gozag
Hepliaklqana
Okawaru
Ru
Sif Muna
Uskayaw
Yredelemnul
The Shining One

Annotations:
D:5 orc warrior
D:6 2 transporters, steam dragon, bmack86's ghost, novice MiFi


Innate Abilities, Weirdness & Mutations

You cannot wear most types of armour.
You are amphibious.
You can wear up to eight rings at the same time.
Your skin changes colour to match your surroundings (Stealth+).
Your rubbery body absorbs attacks. (AC +1, EV +1)
((You are camouflaged when in or above water. (Stealth+)))
You have tentacles for arms and can constrict up to eight enemies at once.


Message History

The ball of steam misses you.
You blink.
Throw: 2 javelins
Press: ? - help, Q - select action, (/) - cycle Shift-Dir - straight line, f/p - steam dragon
Aim: a steam dragon (heavily wounded, catching its breath, 64% to hit)
You throw a javelin.
The javelin closely misses the steam dragon.
Casting: Searing Ray (safe; 5% risk of failure)
Confirm with . or Enter, or press ? or * to list all spells.
Aiming: Searing Ray (safe; 5% risk of failure)
Press: ? - help, Shift-Dir - straight line, f/p - steam dragon
Aim: a steam dragon (heavily wounded, 78% to hit)
The searing ray hits the steam dragon.
The steam dragon is severely wounded. (Press . to maintain the ray.)
The searing ray hits the steam dragon.
The steam dragon is severely wounded.
The steam dragon breathes steam at you. The ball of steam hits you!
The searing ray hits the steam dragon.
The steam dragon is almost dead.
You are engulfed in a cloud of scalding steam.
The searing ray misses the steam dragon.
You finish channelling your searing ray.
You feel stable enough to blink again. The steam dragon breathes steam at you.
The ball of steam hits you!
* * * LOW HITPOINT WARNING * * *
Casting: Searing Ray (safe; 5% risk of failure)
Confirm with . or Enter, or press ? or * to list all spells.
Aiming: Searing Ray (safe; 5% risk of failure)
Press: ? - help, Shift-Dir - straight line, f/p - steam dragon
Aim: a steam dragon (almost dead, catching its breath, 78% to hit)
The searing ray misses the steam dragon. (Press . to maintain the ray.)
The searing ray hits the steam dragon.
The steam dragon is almost dead.
You are engulfed in a cloud of scalding steam.
You die...
Your body crumbles into a pile of gold.

[)(≈......#...#####.............#
≈≈≈8≈≈≈≈..'.........#.###..####.#
...≈......##.##........##..# #.#
..[≈......##.##..####...#..# #.#
.≈≈≈§≈....##.##§§# ##..#..# #.#
..........##.##.§# #..#[.####.#
.§........##.##..# #..#>.##....
..........##.##§.#####..#..##....
############.##§@..........#.....
#...# ##.##D######..#.##.....
#####...###...#§######..#.##.....
........##..#...................#
####.#..##.###..§######.####.####
#.#..##[§#..#.............#
#.#...).§.......###########
#.#.#####<#.#.### #<#.#####.....#


You could see a steam dragon.

Vanquished Creatures
  A troll (D:5)
  A yak (D:5)
  A water moccasin (D:5)
  2 sky beasts (D:6)
  An orc warrior (D:7)
  4 ogres
  2 phantoms (D:5)
  4 bullfrogs (D:6)
  4 scorpions
  9 wights
  A killer bee (D:5)
  2 jellies
  2 hounds
  A sleepcap (D:5)
  5 iguanas
  An orc wizard (D:6)
  A hound zombie (D:3)
  7 adders
  2 shadow imps
  3 white imps
  An ufetubus (D:5)
  2 adder zombies (D:3)
  5 worms
  4 dart slugs
  19 orcs
  5 bats
  6 endoplasms
  3 giant cockroaches
  6 hobgoblins
  2 jackals (D:4)
  7 quokkas
  7 ball pythons
  A frilled lizard (D:3)
  3 kobolds
  3 rats
128 creatures vanquished.

Notes
Turn   | Place    | Note
-------+----------+-------------------------------------------
     0 | D:5      | Esekla the Octopode Delver began the quest for the Orb.
     0 | D:5      | Reached XP level 1. HP: 16/16 MP: 1/1
    86 | D:5      | Found an iron altar of Okawaru.
   117 | D:5      | Found a staircase to the Ecumenical Temple.
   118 | D:5      | Noticed a hound
   127 | D:5      | Killed a hound
   128 | D:5      | Reached skill level 7 in Stealth
   128 | D:5      | Reached XP level 2. HP: 12/21 MP: 2/2
   128 | D:5      | Reached XP level 3. HP: 15/26 MP: 3/3
   129 | Temple   | Entered the Ecumenical Temple
   246 | D:5      | Found a shimmering blue altar of Sif Muna.
   352 | Temple   | Became a worshipper of Gozag Ym Sagoz the Greedy
   411 | D:3      | Found a basalt altar of Yredelemnul.
  1060 | D:1      | Reached XP level 4. HP: 31/31 MP: 5/5
  1538 | D:2      | Reached skill level 1 in Spellcasting
  1706 | D:2      | Found a blossoming altar of Fedhas.
  2206 | D:3      | Found a faded altar of an unknown god.
  2345 | D:3      | Reached XP level 5. HP: 17/36 MP: 6/6
  2625 | D:3      | Reached skill level 8 in Stealth
  2933 | D:4      | Found a hazy altar of Hepliaklqana.
  3016 | D:4      | Reached skill level 1 in Short Blades
  3045 | D:4      | Learned a level 4 spell: Airstrike
  3523 | D:5      | Reached XP level 6. HP: 43/43 MP: 8/8
  3535 | D:5      | Reached skill level 1 in Air Magic
  3571 | D:5      | Noticed a water moccasin
  3578 | D:5      | Killed a water moccasin
  3579 | D:5      | Reached XP level 7. HP: 48/48 MP: 10/10
  3708 | D:5      | Noticed a yak
  3709 | D:5      | Noticed a troll
  3728 | D:5      | Killed a troll
  3750 | D:5      | Learned a level 3 spell: Swiftness
  3753 | D:5      | Learned a level 2 spell: Searing Ray
  4418 | D:5      | Reached XP level 8. HP: 39/54 MP: 12/12
  4531 | D:5      | Killed a yak
  4686 | D:5      | Reached skill level 1 in Conjurations
  5439 | D:5      | Identified the ring "Giffoimu" {+Blink rPois Str+5 Dex-5
                  | Slay+3}
  5588 | D:5      | Found a sacrificial altar of Ru.
  5595 | D:5      | Found a hide-covered altar of Uskayaw.
  5890 | D:6      | Reached skill level 5 in Fighting
  5983 | D:6      | Reached XP level 9. HP: 61/61 MP: 15/15
  6011 | D:6      | Noticed bmack86's ghost (novice MiFi)
  6034 | D:6      | Found a transporter.
  6048 | D:6      | Found a transporter.
  6543 | D:6      | Reached skill level 5 in Long Blades
  6657 | D:7      | Reached skill level 1 in Evocations
  6721 | D:7      | Reached skill level 5 in Dodging
  7458 | D:6      | Engulfed by a steam dragon's steam

Illustrated notes

Levels and vault maps discovered:
D:1:      ebering_trefoil_twist, layout_basic,
          hangedman_abyss_or_decor_lesser_grid, serial_bayou_pond_c
D:2:      layout_loops_ring, basic_altar, nicolae_elevator_lobby_asterisk
D:3:      layout_basic, nicolae_yredelemnul_corpse_copse,
          hellmonk_ecumenical_altar_arch_garden
D:4:      layout_rooms, lemuel_round_altar, grunt_decor_junction
D:5:      kennysheep_windowed_halls, layout_loops_ring, minitemple,
          mainiacjoe_overflow_24_doors, okawaru_metal_pillars_3,
          minmay_temple_entry_drinking_statues
D:6:      layout_loops_ring, gammafunk_ghost_stat_death,
          kennysheep_generic_room_16
D:7:      layout_rooms, uniq_joseph
Temple:   oiseaux_autumnal_temple

Skill      XL: |  1  2  3  4  5  6  7  8  9 |
---------------+----------------------------+-----
Stealth        | 7 8 |  8.2
Spellcasting   | 1 2 3 4 |  4.6
Short Blades   | 1 2 3 4 |  4.8
Long Blades    | 3 4 5 |  5.3
Air Magic      | 1 2 3 |  3.6
Fighting       | 4 5 |  5.9
Dodging        | 3 4 5 |  5.1
Conjurations   | 1 2 |  2.5
Evocations     | 1 |  1.8
Throwing       | |  0.7

Action                     |  1- 3 |  4- 6 |  7- 9 || total
---------------------------+-------+-------+-------++-------
  Melee: Falchion          |     8 |     7 |     7 ||    22
         Tentacles         |    11 |     9 |    61 ||    81
         Constrict         |     8 |    10 |    34 ||    52
         Dagger            |    33 |    53 |   184 ||   270
         Punch             |       |     2 |     3 ||     5
  Throw: Dart              |       |       |     7 ||     7
         Javelin           |       |       |     5 ||     5
   Cast: Searing Ray       |       |       |    12 ||    12
Ability: Evoke Blink       |       |       |     2 ||     2
    Use: Scroll            |     1 |       |     2 ||     3
         Potion            |       |       |     1 ||     1
   Stab: Sleeping          |     5 |    26 |    14 ||    45
         Distracted        |       |     1 |     2 ||     3
 Armour: Skin              |     3 |     7 |    23 ||    33
  Dodge: Dodged            |    31 |    22 |   103 ||   156

Table legend: (Time is in decaauts)
 A = Elapsed time spent in this place.
 B = Non-inter-level travel time spent in this place.
 C = Inter-level travel time spent in this place.
 D = Time resting spent in this place.
 E = Time spent auto-exploring this place.
 F = Levels seen in this place.
 G = Mean time per level.
                   A        B        C        D        E       F      G
               +--------+--------+--------+--------+--------+-----+--------+
         Total |   7402 |   7132 |    270 |   1845 |   2105 |   8 |  925.2 |
       Dungeon |   7311 |   7078 |    233 |   1845 |   2055 |   7 | 1044.4 |
        Temple |     91 |     54 |     37 |      0 |     50 |   1 |   91.0 |
               +--------+--------+--------+--------+--------+-----+--------+

Top non-repeatable levels by time:
     D:5: 2551 daAuts
     D:6: 1123 daAuts
     D:3: 1025 daAuts
     D:1: 737 daAuts
     D:2: 687 daAuts
     D:4: 619 daAuts
     D:7: 566 daAuts
  Temple: 91 daAuts
